AoeStats
← Pontos

Arabia

509161253Analyzed
1v1 RM · 8d ago on Sep 25, 2026· 27m 56s· 2 players
Game mode
Random Map
Map size
Tiny (2 player)
Population
200
Speed
Normal
Resources
Standard
Victory
Conquest
Starting age
Dark Age
Ending age
Imperial Age
RankedLock teamsTeams togetherTeam positionsShared explorationLock speedFull tech treeHidden civsTurbo modeCheats
Victory
Defeat
🇫🇷 Japanese · France
654
+16
🇷🇺 Turks · Russia
654
-16
Gilles Cul
6:11 Loom
11:19 Feudal Age
12:32 Man-at-Arms
15:26 Arson
28:04 Scale Mail Armor
28:15 Forging
Pontos
11:47 Feudal Age
13:25 Scale Barding Armor
13:31 Forging
13:41 Forging
17:58 Loom
18:43 Arson
19:56 Man-at-Arms
25:14 Scale Mail Armor
Connection lost

Rejoining the realm…

Still unreachable

The connection could not be restored.

Session expired

The server has moved on; the page needs a fresh start.